Map: Dusk Towers

Players

capac - Winner!

  • Race: Terran Terran
  • League: Gold

LetThemBurn

  • Race: Zerg Zerg
  • League: Gold

VOD

Have the link to the VOD?

Description

Time

  • Played on: May 5, 2016, 2:44 p.m.
  • Length: 14:03
Show
View Real Time Build Order
Export as new Build Order

capac Terran - Winner!

Build Orders: Reaper Expand, MMM Bio 

Get SALT Encoding   

  12  0:01  SCV  
  13  0:13  SCV  
  14  0:20  Supply Depot  
  14  0:25  SCV  
  15  0:41  SCV  
  16  0:43  Barracks  
  16  0:48  Refinery  
  16  0:54  SCV  
  17  1:06  SCV  
  18  1:18  SCV  
  19  1:30  Orbital Command  
  19  1:34  Reaper  
  20  1:41  Command Center  
  20  1:50  Supply Depot  
  20  1:56  SCV  
  21  2:06  Marine  
  21  2:08  SCV  
  23  2:12  Factory  
  23  2:21  Barracks  
  23  2:32  SCV  
  23  2:34  Barracks Reactor  
  24  2:45  SCV  
  25  2:53  Orbital Command  
  25  2:57  Factory Tech Lab  
  25  3:00  Refinery  
  26  3:14  Barracks Tech Lab, Marine  
  26  3:15  Marine  
  27  3:34  Marine x3  
  27  3:35  Starport  
  27  3:38  Command Center  
  30  3:45  SCV  
  30  3:46  SCV  
  32  4:00  Barracks  
  32  4:01  SCV x2  
  34  4:04  Engineering Bay  
  34  4:09  Refinery  
  34  4:13  SCV  
  36  4:20  Siege Tank  
  38  4:24  SCV  
  39  4:36  Supply Depot, Medivac  
  41  4:42  Stimpack  
  41  4:43  Marine x3  
  44  4:46  SCV  
  44  4:47  SCV  
  44  4:50  Barracks Reactor  
  46  4:59  Orbital Command  
  46  5:00  SCV x2  
  46  5:01  Marine x2  
  46  5:03  Marine  
  51  5:07  Starport Reactor  
  51  5:12  Supply Depot  
  51  5:15  Terran Infantry Weapons Level 1  
  51  5:17  SCV x2  
  53  5:30  SCV x3  
  56  5:35  Siege Tank  
  56  5:36  Marine x2  
  56  5:37  Marine x2  
  56  5:40  Supply Depot  
  63  5:49  Medivac x2  
  67  5:52  Refinery, SCV  
  67  5:53  SCV  
  67  5:55  SCV  
  70  6:06  Supply Depot  
  70  6:08  Armory  
  70  6:10  Engineering Bay  
  70  6:15  SCV x2  
  70  6:16  SCV  
  73  6:25  Marine x5  
  76  6:27  Siege Tank  
  76  6:30  SCV  
  76  6:31  SCV x2  
  84  6:36  Supply Depot  
  84  6:38  Terran Infantry Armor Level 1  
  84  6:48  Barracks  
  84  6:51  Barracks  
  84  6:55  Marine x4  
  84  6:56  Marine  
  89  7:08  Combat Shields  
  89  7:14  Orbital Command  
  89  7:23  Marine x4  
  93  7:35  Liberator  
  93  7:36  Liberator  
  93  7:39  Barracks Reactor  
  93  7:41  Barracks Tech Lab, Marauder  
  93  7:43  SCV x3  
  93  7:44  Marine x3  
  98  7:47  Terran Infantry Weapons Level 2, Supply Depot  
  101  7:52  Marine, Terran Ship Weapons Level 1  
  101  7:55  SCV  
  109  8:09  Marine x5, Siege Tank  
  117  8:13  Supply Depot  
  117  8:18  Supply Depot  
  117  8:26  Concussive Shells  
  117  8:34  Marine  
  117  8:35  Marauder x2, SCV x3  
  117  8:36  Starport  
  125  8:41  Siege Tank  
  125  8:44  Supply Depot  
  125  8:45  Supply Depot  
  125  8:46  Marine x4  
  125  8:47  SCV  
  133  8:48  Liberator  
  133  8:49  Terran Infantry Armor Level 2  
  133  8:57  Refinery  
  133  8:58  Refinery  
  133  9:05  Marine x2  
  133  9:06  Marauder, SCV  
  133  9:07  Marauder, SCV  
  144  9:13  Medivac  
  146  9:22  Supply Depot  
  146  9:23  Supply Depot x2, Starport Reactor  
  146  9:32  SCV x2  
  146  9:33  SCV  
  149  9:43  Marine x4  
  149  9:44  Marauder x2  
  157  10:05  Marauder x2  
  157  10:06  Marine x5, Liberator  
  166  10:07  Marine  
  166  10:17  Liberator  
  166  10:21  Terran Ship Weapons Level 2, Terran Infantry Weapons Level 3  
  172  10:41  Missile Turret  
  172  10:44  Missile Turret  
  172  10:45  Missile Turret  
  172  10:50  Medivac x2  
  125  11:28  Medivac x2  
  125  11:30  Medivac  
  125  11:31  Medivac  
  133  11:35  SCV x2  
  133  11:36  SCV  
  133  11:39  Marine x3  
  138  11:40  Marine x2, Command Center  
  138  11:41  Marauder x2, Marine, Command Center  
  146  11:50  Supply Depot  
  146  11:53  Supply Depot  
  146  11:57  Marine x4  
  146  11:58  Marine, Liberator  
  146  11:59  Marine, Liberator x2  
  152  12:02  Marauder x2  
  152  12:06  Barracks  
  156  12:09  Barracks  
  156  12:10  Barracks  
  162  12:52  Liberator x2  
  162  12:53  Liberator x2  
  156  13:07  Marine x7  
  156  13:08  Marine  
  176  13:25  Marine x2  
  176  13:26  Marauder x2  
  182  13:35  Marine  
  182  13:36  Marine x3  
  186  13:42  Marine  
Show
View Real Time Build Order
Export as new Build Order

LetThemBurn Zerg 

Build Orders: Hatch First 

Get SALT Encoding   

  12  0:01  Drone  
  13  0:11  Drone  
  14  0:38  Hatchery  
  14  0:42  Drone  
  14  0:53  Overlord  
  14  1:03  Spawning Pool  
  13  1:04  Drone  
  14  1:15  Drone x2  
  16  1:24  Drone  
  17  1:28  Extractor, Drone  
  17  1:37  Drone  
  18  1:52  Drone  
  19  1:55  Drone  
  20  2:04  Drone x2  
  20  2:06  Queen  
  20  2:07  Queen  
  26  2:20  Spine Crawler  
  25  2:23  Spine Crawler  
  25  2:26  Spine Crawler  
  25  2:27  Drone x2  
  25  2:34  Drone x2  
  27  2:54  Drone  
  28  3:01  Overlord x4  
  28  3:25  Drone  
  29  3:27  Roach Warren  
  29  3:29  Lair  
  29  3:33  Drone x4  
  29  3:34  Drone  
  33  3:40  Drone x2  
  35  3:42  Extractor, Drone  
  35  3:47  Overlord  
  35  4:09  Roach x2  
  39  4:11  Roach  
  39  4:14  Hatchery  
  40  4:24  Queen  
  40  4:26  Queen  
  44  4:33  Roach x2  
  44  4:37  Drone x2  
  44  4:38  Drone  
  51  4:40  Drone  
  51  4:44  Roach  
  54  4:53  Roach x2  
  54  4:54  Roach  
  60  5:04  Overlord x2  
  60  5:06  Overlord  
  60  5:14  Overlord x2  
  60  5:40  Roach x4  
  60  5:41  Roach x4  
  76  6:03  Roach x5  
  76  6:04  Roach x3  
  92  6:11  Overlord  
  92  6:19  Roach x2  
  96  6:29  Hydralisk Den  
  96  6:30  Spire, Drone x2  
  96  6:33  Drone x2  
  96  6:34  Drone x2  
  100  6:42  Roach x2  
  100  6:43  Roach  
  106  7:07  Lurker Den  
  106  7:18  Extractor  
  106  7:19  Extractor  
  98  7:33  Hydralisk x3  
  104  7:38  Drone x2  
  104  7:41  Overlord  
  104  7:42  Overlord x5  
  104  7:43  Overlord x4  
  106  7:56  Infestation Pit  
  105  8:09  Hydralisk x2  
  105  8:10  Hydralisk  
  111  8:13  Hatchery  
  111  8:19  Drone  
  111  8:22  Drone x4  
  111  8:26  Drone x4  
  111  8:27  Drone x2  
  121  8:45  Hydralisk x2  
  121  8:46  Hydralisk x3  
  131  8:54  Roach x3  
  137  9:09  Lurker  
  138  9:11  Lurker  
  139  9:17  Ravager  
  139  9:20  Extractor  
  139  9:22  Extractor, Drone x3  
  141  9:24  Drone x2  
  141  9:25  Drone  
  141  9:27  Drone x5  
  149  9:44  Mutalisk x3  
  155  9:48  Roach  
  155  9:49  Roach  
  159  10:14  Ravager  
  159  10:15  Ravager x4  
  164  10:36  Extractor  
  164  10:40  Extractor  
  62  11:25  Roach x3  
  68  11:26  Roach x7  
  68  11:27  Roach x7  
  68  11:28  Roach x6  
  68  11:29  Roach x5  
  118  11:43  Mutalisk x3  
  118  11:44  Mutalisk x2  
  128  12:01  Queen  
  128  12:02  Queen  
  132  12:10  Hatchery  
  131  12:20  Hatchery  
  130  12:43  Mutalisk  
  130  12:44  Mutalisk x6  
  130  12:45  Mutalisk x6  
  120  13:01  Hydralisk x5  
  122  13:06  Zergling x8  
  122  13:07  Zergling x4  
  128  13:20  Hydralisk  
  128  13:21  Hydralisk x5  
  140  13:30  Drone  
  140  13:31  Drone x3  
Tags
 
Add a new tag
Caveats
  • Supply blocks, unpowered buildings, or Contaminate may cause inaccurate times.
  • Supply counts are checked every 10 seconds.